Cogmind - Beta 16 @@@ ROGUE MODE // 2025.11.11 @ 05:36:22 Player: J1ang-5h1 Result: Destroyed by H-71 Marshal with Heavy Mass Driver Performance ------------- Evolutions (5) 2500 Regions Visited (10) 2000 Robots Destroyed (132) 660 Value Destroyed (3363) 3363 Prototype IDs (38) 760 Alien Tech Used (0) 0 Bonus (415) 415 TOTAL SCORE: 9698 Bonus ------- Follower Combat Kills 154 Aligned with FarCom 300 Friendly Fire -39 Cogmind --------- Core Integrity 0/1000 Matter 300/300 Energy 100/100 System Corruption 7% Temperature Cool (0) Movement Core (1400) Ox27 Location -5/Factory Parts ------- > --- POWER (2) -------- (None) > --- PROPULSION (4) --- (None) > --- UTILITY (9) ------ Experimental Coolant Injector Huge Storage Unit Spectral Analyzer Active Sensor Suite Hacking Suite > --- WEAPON (2) ------- (None) > --- INVENTORY (25) --- Advanced Cooling System High-capacity Matter Pod (200) Structural Scanner Improved Trap Scanner Improved Terrain Scanner Seismic Detector EM Shield Hacking Suite System Restoration Module Sensor Drone Bay (20/20) Smartbomb Launcher Plasma Cutter Makeshift Sword PL-3XN's Ring of Power Peak State ------------ > --- POWER ------------ Neutrino Core Micro Fission Core > --- PROPULSION ------- Improved Heavy Treads High-density Centrium Heavy Treads > --- UTILITY ---------- Advanced Cooling System Experimental Coolant Injector Huge Storage Unit Spectral Analyzer Advanced Targeting Computer Improved Power Shielding Improved Shield Generator Hacking Suite Hacking Suite > --- WEAPON ----------- Gauss Rifle Gauss Rifle > --- INVENTORY -------- Enhanced Armored Medium Treads Enhanced Armored Medium Treads Advanced Cooling System High-capacity Matter Pod Structural Scanner Improved Trap Scanner Improved Terrain Scanner Seismic Detector EM Shield Hacking Suite System Restoration Module High-powered Tractor Beam Sensor Drone Bay AWS/Thermal Gauss Rifle Coil Gun Smartbomb Launcher Plasma Cutter Makeshift Sword PL-3XN's Ring of Power [Rating: 105] Favorites ----------- Power Cooled Ion Engine Engine Cooled Ion Engine Power Core Micro Fission Core Reactor Light Antimatter Reactor Propulsion Light Treads Treads Light Treads Leg Improved Aluminum Leg Wheel Compact Wheel Utility Huge Storage Unit Device Improved Heat Sink Storage Huge Storage Unit Processor Advanced Targeting Computer Hackware Hacking Suite Protection Light Armor Plating Weapon Particle Cannon Energy Gun Medium Laser Energy Cannon Particle Cannon Ballistic Gun Gauss Rifle Launcher Rocket Launcher Build | -11 -10 -10 -9 -9 -9 -8 -8 -7 -6 -5 ------- Run | Yrd Mat Min Mat Min Exi Min Mat Fac Fac Fac Slots Evolved 10 | . . . 2 . . . 2 2 2 2 Power 1 | . . . . . . . . . . 1 Propulsion 2 | . . . . . . . . . 2 . Utility 7 | . . . 2 . . . 2 2 . 1 Weapon . | . . . . . . . . . . . Parts Attached 94 | 8 7 2 24 . . 6 5 3 11 28 Power 12 | 1 . 1 5 . . . . . 1 4 Engine 8 | 1 . 1 5 . . . . . . 1 Core 3 | . . . . . . . . . . 3 Reactor 1 | . . . . . . . . . 1 . Propulsion 29 | 2 2 . 6 . . 4 1 . 7 7 Treads 10 | . 2 . 4 . . . . . . 4 Leg 2 | . . . . . . 2 . . . . Wheel 17 | 2 . . 2 . . 2 1 . 7 3 Hover . | . . . . . . . . . . . Flight . | . . . . . . . . . . . Utility 32 | 2 4 1 6 . . . 4 3 1 11 Device 14 | 1 2 1 . . . . 2 . 1 7 Storage 2 | 1 1 . . . . . . . . . Processor 2 | . . . . . . . . 1 . 1 Hackware 4 | . . . 1 . . . 2 1 . . Protection 10 | . 1 . 5 . . . . 1 . 3 Artifact . | . . . . . . . . . . . Weapon 21 | 3 1 . 7 . . 2 . . 2 6 Energy Gun 8 | 3 1 . 1 . . 2 . . . 1 Energy Cannon 6 | . . . 4 . . . . . 2 . Ballistic Gun 4 | . . . . . . . . . . 4 Ballistic Cannon . | . . . . . . . . . . . Launcher 3 | . . . 2 . . . . . . 1 Special Weapon . | . . . . . . . . . . . Impact Weapon . | . . . . . . . . . . . Slashing Weapon . | . . . . . . . . . . . Piercing Weapon . | . . . . . . . . . . . Special Melee Weapon . | . . . . . . . . . . . Unidentified Prototypes 6 | . . 1 . . . . . . . 5 Corrupted Parts 1 | . . . . . . . . . . 1 System Corruption 2 | . . . . . . . . . . 2 Parts Lost 40 | . 2 1 5 . . 3 2 . 2 25 Power 6 | . . 1 1 . . . . . . 4 Propulsion 13 | . . . 2 . . 2 1 . 2 6 Utility 15 | . 1 . 1 . . 1 1 . . 11 Weapon 6 | . 1 . 1 . . . . . . 4 Highest Loss Streak 18 | . 1 1 2 . . 3 2 . 1 18 To Critical Strikes 1 | . . . . . . . . . . 1 Average Backups 21 | 6 13 19 24 24 24 23 23 23 23 21 Power 1 | . 1 1 1 1 1 1 1 1 1 . Propulsion 1 | 1 2 2 . . . . . 1 . . Utility 13 | 1 7 14 14 17 17 15 13 12 13 12 Weapon 5 | 1 2 2 6 5 5 6 7 8 8 8 Tool/Special . | . . . . . . . . . . . Unused Backups 37 | . 1 1 15 . 2 . 3 . . 15 Power 1 | . . . 1 . . . . . . . Propulsion . | . . . . . . . . . . . Utility 20 | . . . 6 . 2 . 2 . . 10 Weapon 15 | . 1 1 8 . . . 1 . . 4 Tool/Special 1 | . . . . . . . . . . 1 Average Slot Usage (%) 98 | . 99 99 99 100 100 94 97 99 96 94 Engine 10 | . 14 14 10 11 11 11 9 7 3 3 Treads 16 | . 26 27 16 22 22 2 . . . 1 Wheel 6 | . 1 . 5 . . 12 17 15 23 19 Device 12 | . 13 14 10 11 11 11 13 15 13 13 Storage 10 | . 14 14 11 11 11 11 9 7 6 5 Processor 1 | . . . . . . . . 7 6 5 Hackware 6 | . . . . 11 11 11 20 22 20 15 Protection 9 | . . . 21 11 11 11 9 7 6 6 Energy Gun 12 | . 27 28 8 . . 7 18 15 12 . Energy Cannon 9 | . . . 13 21 22 14 . . . 8 Peak Build Rating 105 | 7 11 16 24 24 25 27 33 42 52 105 Average Rating 24 | 4 9 12 19 24 24 24 32 40 46 64 On Entrance 23 | . 7 10 14 24 24 25 26 33 42 52 Avg Prop Armor Cover (%) 4 | . . . . . . . . . . 4 Naked Turns . | . . . . . . . . . . . Heaviest Build 130 | 12 91 87 101 100 100 100 101 105 117 130 Greatest Support 165 | 26 40 40 43 43 43 43 26 26 64 165 Greatest Overweight (x) 33 | 1 2 2 9 2 2 33 10 4 3 32 Average Overweight (x) 2 | . 1 2 2 2 2 4 3 3 1 1 Largest Inventory Capacity 25 | 8 25 25 25 25 25 25 25 25 25 25 Average Capacity 24 | 7 22 25 25 25 25 25 25 25 25 25 Most Carried 25 | 8 19 25 25 25 25 25 25 25 25 25 Average Carried 22 | 6 13 19 24 24 24 24 24 24 24 23 Final Capacity 25 | 8 25 25 25 25 25 25 25 25 25 25 Final Carried 25 | 8 19 25 25 25 25 25 25 25 25 15 Class Distribution -------------------- 74% | Mutant 19% | Hacker-Mutant 6% | Scavenger-Mutant Dominant Class ---------------- Mutant | -10/Materials Mutant | -10/Mines Mutant | -9/Materials Mutant | -9/Mines Mutant | -9/Exiles Mutant | -8/Mines Hacker-Mutant | -8/Materials Hacker-Mutant | -7/Factory Hacker-Mutant | -6/Factory Hacker-Mutant | -5/Factory Resources | -11 -10 -10 -9 -9 -9 -8 -8 -7 -6 -5 ----------- Run | Yrd Mat Min Mat Min Exi Min Mat Fac Fac Fac Matter Collected 2131 | 279 196 101 462 80 . 110 70 70 50 713 Remotely 267 | . . . . . . . . . . 267 Salvage Created 5125 | 152 580 148 1396 55 . 268 359 134 307 1726 Parts 314 | 22 45 9 91 10 . 6 17 5 17 92 Haulers Intercepted 8 | . . . 6 . . . 1 . . 1 Recyclers Shooed 8 | 1 1 . 2 . . . . . . 4 Parts Field Recycled . | . . . . . . . . . . . Retrieved Matter . | . . . . . . . . . . . Parts Self-Destructed . | . . . . . . . . . . . Prevented . | . . . . . . . . . . . Parts Restored . | . . . . . . . . . . . Kills | -11 -10 -10 -9 -9 -9 -8 -8 -7 -6 -5 ------- Run | Yrd Mat Min Mat Min Exi Min Mat Fac Fac Fac Combat Hostiles Destroyed 79 | . 11 3 25 3 . 3 3 4 5 22 Guns 54 | . 7 3 15 . . . 3 . 5 21 Cannons 11 | . . . 7 1 . 2 . . . 1 AOE 13 | . 4 . 3 2 . 1 . 3 . . Classes Destroyed 17 | 2 6 . 3 . . . . 1 1 4 Worker 11 | . 1 . 1 1 . 2 . 1 2 3 Builder 7 | . 1 1 . . . . . . . 5 Tunneler 8 | 5 1 . 1 1 . . . . . . Hauler 8 | . . . 6 . . . 1 . . 1 Recycler 11 | 1 1 1 3 . . 1 2 . 1 1 Mechanic 1 | . 1 . . . . . . . . . Watcher 8 | . 3 . 4 . . . . . . 1 Swarmer 24 | . 4 3 9 3 . . . 1 3 1 Cutter 3 | . . . . . . . . . . 3 Grunt 27 | . 7 . 7 . . 3 3 2 1 4 Duelist 1 | . . . 1 . . . . . . . Sentry 12 | . . . 8 . . . . . . 4 Specialist 3 | . . . . . . . . . . 3 Hunter 3 | . . . . . . . . . . 3 Programmer 4 | . . . . . . . . 1 . 3 Heavy 1 | . . . . . . . . . . 1 Assembled 1 | . . . . . . . . . 1 . Best Kill Streak 8 | 3 5 3 5 3 . 2 4 4 5 8 Combat Bots Only 8 | . 3 3 3 3 . 1 3 3 4 8 Max Kills in Single Turn 4 | 1 2 1 3 2 . 1 1 4 2 2 Gunslinging 1 | . . . 1 . . . . . 1 . Exploded 3 | . 2 . 3 2 . 1 . 3 . . Melee . | . . . . . . . . . . . Uniques/NPCs Destroyed . | . . . . . . . . . . . Combat | -11 -10 -10 -9 -9 -9 -8 -8 -7 -6 -5 -------- Run | Yrd Mat Min Mat Min Exi Min Mat Fac Fac Fac Hostile Shots Fired 591 | . 62 18 76 6 . 40 19 22 22 326 Missed 144 | . 23 8 15 4 . 8 3 10 5 68 Hits 447 | . 39 10 61 2 . 32 16 12 17 258 Melee 7 | . . . 3 . . . . . 1 3 Projectile 440 | . 39 10 58 2 . 32 16 12 16 255 Critical Strikes 23 | . . . 2 . . 2 . . 1 18 Actively Blocked 1 | . . . . . . . . . . 1 Part Disruptions 2 | . . . . . . . . . . 2 Actively Blocked 2 | . . . . . . . . . . 2 Damage Taken 8663 | . 491 81 784 36 . 600 241 132 287 6011 Core 1334 | . 56 . 68 10 . 82 14 32 34 1038 Absorbed by Shields 463 | . . . . . . . . . . 463 Reduced by Siege Mode 307 | . . . . . . . . . . 307 Redirected to Shielding 217 | . . . 11 . . . . . . 206 Regen/Repaired (Parts) 173 | . 57 . 116 . . . . . . . Core Remaining (%) 87 | 100 . 77 . . . 60 97 95 96 . Volleys Fired 317 | 34 48 13 84 4 . 20 10 6 15 83 Largest 2 | 1 2 2 2 2 . 2 2 2 2 2 Hottest 160 | 40 90 90 136 136 . 136 112 112 112 160 Shots Fired 598 | 34 93 29 148 8 . 38 20 12 30 186 Gun 448 | 34 93 29 100 . . . 20 11 30 131 Cannon 142 | . . . 45 7 . 36 . . . 54 Launcher 8 | . . . 3 1 . 2 . 1 . 1 Special . | . . . . . . . . . . . Kinetic 98 | . . . . . . . . . . 98 Thermal 469 | 34 70 29 145 7 . 36 20 11 30 87 Explosive 8 | . . . 3 1 . 2 . 1 . 1 Electromagnetic 23 | . 23 . . . . . . . . . Robot Hit Streak 34 | 8 8 9 11 9 . 13 8 4 3 34 Robot Miss Streak 5 | 2 5 2 5 . . 3 1 3 2 2 Penetration Max 1 | . . . . . . . . . . 1 Secondary Targets 14 | . 1 1 1 . . . 1 . 2 8 Max Gunslinging Chain 1 | . 1 1 1 . . . 1 . 1 1 Autonomous 33 | . . . . . . . . . . 33 Shots Hit Robots 417 | 24 55 16 96 6 . 23 14 6 18 159 Core Hits 233 | 7 30 7 74 5 . 9 9 5 14 73 Critical Kills 3 | . . . . . . . . . . 3 Critical Parts Destroyed 1 | . . . . . . . . . . 1 Critical Strikes 19 | . 4 3 2 . . . 2 2 2 4 Burn 15 | . 4 3 2 . . . 2 2 2 . Destroy 4 | . . . . . . . . . . 4 Melee Attacks . | . . . . . . . . . . . Impact . | . . . . . . . . . . . Slashing . | . . . . . . . . . . . Piercing . | . . . . . . . . . . . Sneak Attacks . | . . . . . . . . . . . Combat Hostiles . | . . . . . . . . . . . Follow-up Attacks . | . . . . . . . . . . . Damage Inflicted 9255 | 279 1065 199 1732 242 . 422 286 382 379 4269 Guns 5900 | 279 725 199 885 . . . 286 158 379 2989 Cannons 2353 | . . . 618 107 . 348 . . . 1280 Explosions 1002 | . 340 . 229 135 . 74 . 224 . . Melee . | . . . . . . . . . . . Ramming . | . . . . . . . . . . . Kinetic 2085 | . . . . . . . . . . 2085 Thermal 6310 | 279 867 199 1503 107 . 348 286 158 379 2184 Explosive 662 | . . . 229 135 . 74 . 224 . . Electromagnetic 198 | . 198 . . . . . . . . . Impact . | . . . . . . . . . . . Slashing . | . . . . . . . . . . . Piercing . | . . . . . . . . . . . Highest Corruption 7 | . 2 2 . . . . . 1 . 7 Average Corruption 2 | . 2 2 . . . . . 1 . 3 Corruption Purged . | . . . . . . . . . . . Corruption Blocked . | . . . . . . . . . . . Effects 49 | . 3 31 . . . . . 6 . 9 Message Errors 7 | . . 6 . . . . . 1 . . Matter Fused 9 | . . 7 . . . . . 1 . 1 Heat Flow Errors 9 | . 3 6 . . . . . . . . Energy Discharges 3 | . . 3 . . . . . . . . Parts Rejected 2 | . . 1 . . . . . . . 1 Data Loss (minor) 12 | . . 5 . . . . . 3 . 4 Data Loss (major) 1 | . . . . . . . . . . 1 Misfires 4 | . . 3 . . . . . 1 . . Weapon Failures 2 | . . . . . . . . . . 2 Overload Shots . | . . . . . . . . . . . Overflow Damage 102 | . 1 . 50 2 . . . 9 . 40 Projectiles 55 | . . . 13 2 . . . . . 40 Explosions 47 | . 1 . 37 . . . . 9 . . Melee . | . . . . . . . . . . . Knockbacks . | . . . . . . . . . . . Impact . | . . . . . . . . . . . Kinetic . | . . . . . . . . . . . Secondary . | . . . . . . . . . . . Self-Inflicted Damage 130 | . 63 . . 18 . 49 . . . . Shots 4 | . 2 . . 1 . 1 . . . . Rammed 1 | . . . . . . . . . . 1 Targets Rammed 1 | . . . . . . . . . . 1 Kicked . | . . . . . . . . . . . Crushed . | . . . . . . . . . . . Highest Temperature 279 | 20 232 258 165 54 . 279 135 . 14 36 Average Temperature 55 | 20 58 103 35 26 . 100 79 . 5 7 Received Heat Transfer 1700 | . 216 . 258 . . 324 144 12 94 652 Effects 4 | . 2 2 . . . . . . . . Interference 4 | . 2 2 . . . . . . . . Siege Activations 1 | . . . . . . . . . . 1 Total Turns 30 | . . . . . . . . . . 30 Longest Duration 30 | . . . . . . . . . . 30 Martial Activations . | . . . . . . . . . . . Shielding Activations . | . . . . . . . . . . . Robots Disrupted . | . . . . . . . . . . . Combat Hostiles . | . . . . . . . . . . . Robots Corrupted . | . . . . . . . . . . . Combat Hostiles . | . . . . . . . . . . . Parts Fried 1 | . 1 . . . . . . . . . Impact Corruptions . | . . . . . . . . . . . Robots Melted 1 | . . . . . . . . 1 . . Combat Hostiles 1 | . . . . . . . . 1 . . Parts Melted 18 | . 1 1 4 1 . . 2 2 1 6 Heat Transferred 13004 | 625 2209 730 3125 185 . 629 703 407 888 3503 Parts Sabotaged . | . . . . . . . . . . . Parts Stolen . | . . . . . . . . . . . Parts Stripped . | . . . . . . . . . . . Power Chain Reactions 4 | . 4 . . . . . . . . . Alert | -11 -10 -10 -9 -9 -9 -8 -8 -7 -6 -5 ------- Run | Yrd Mat Min Mat Min Exi Min Mat Fac Fac Fac Maximum Alert Level 1 | . . . 1 . . . . . . 1 Low Security (%) 92 | 100 100 100 75 100 . 100 100 100 100 93 Level 1 7 | . . . 24 . . . . . . 6 Level 2 . | . . . . . . . . . . . Level 3 . | . . . . . . . . . . . Level 4 . | . . . . . . . . . . . Level 5 . | . . . . . . . . . . . High Security . | . . . . . . . . . . . Max Security . | . . . . . . . . . . . Peak Influence 285 | 10 94 50 285 189 . 51 66 149 77 279 Initial 109 | . . . . 109 . . . . 65 14 Average 46 | 2 23 2 121 18 . 6 9 19 35 38 Influence Increases 2815 | 30 410 80 880 94 . 106 118 232 183 682 Destroy 0b10 Robot/C 1700 | . 220 60 520 60 . 60 60 140 140 440 Destroy 0b10 Robot/NC 275 | 30 40 10 80 10 . 15 15 5 15 55 Destroy Leader 364 | . 36 10 162 10 . 10 12 30 10 84 Allied During Kill 45 | . . . 4 . . . . 30 11 . Successful Hack 140 | . 38 . 45 4 . . . 22 7 24 Select Force Hacks 60 | . . . . . . . 30 . . 30 Disable Machine 45 | . . . 45 . . . . . . . Destroy Structure 81 | . 16 . 24 10 . 21 1 5 . 4 Lose Combat Pursuer 105 | . 60 . . . . . . . . 45 Influence Decreases 2557 | 30 410 80 598 376 . 106 118 99 287 453 Entered New Map 256 | . . . . 173 . . . . 68 15 Time Decay 1873 | 30 400 70 528 203 . 86 98 99 169 190 Lost Part 360 | . 10 10 50 . . 20 20 . 10 240 Lost Ally 60 | . . . 20 . . . . . 40 . Purge Threat 8 | . . . . . . . . . . 8 Squads Dispatched 24 | . 4 1 1 . . . 2 2 . 14 Investigation 8 | . 1 1 1 . . . 2 . . 3 Extermination 2 | . . . . . . . . 1 . 1 Reinforcement 8 | . 3 . . . . . . 1 . 4 Assault . | . . . . . . . . . . . Garrison 6 | . . . . . . . . . . 6 Intercept . | . . . . . . . . . . . Searches Triggered . | . . . . . . . . . . . Construction Impeded . | . . . . . . . . . . . Haulers Reinforced 2 | . . . . . . . . 1 . 1 Active Scanning Responses . | . . . . . . . . . . . Cargo Convoy Interrupts 1 | . . . . . . . . . . 1 Stealth | -11 -10 -10 -9 -9 -9 -8 -8 -7 -6 -5 --------- Run | Yrd Mat Min Mat Min Exi Min Mat Fac Fac Fac Distress Signals 8 | . 2 . 2 . . . . 1 1 2 Communications Jammed . | . . . . . . . . . . . Distress Signals . | . . . . . . . . . . . Times Spotted 180 | . 23 3 42 3 . 3 3 11 28 64 Peak Tracking Total 11 | . 4 3 5 3 . 3 3 6 4 11 Tactical Retreats 5 | . 3 . . . . . . . . 2 Traps | -11 -10 -10 -9 -9 -9 -8 -8 -7 -6 -5 ------- Run | Yrd Mat Min Mat Min Exi Min Mat Fac Fac Fac Traps Triggered 3 | . 1 . . . . . 1 . . 1 Indirectly . | . . . . . . . . . . . Trap Hack Attempts . | . . . . . . . . . . . Triggered . | . . . . . . . . . . . Disarmed . | . . . . . . . . . . . Reprogrammed . | . . . . . . . . . . . Reused . | . . . . . . . . . . . Traps Extracted . | . . . . . . . . . . . Installed . | . . . . . . . . . . . Triggered . | . . . . . . . . . . . Machines | -11 -10 -10 -9 -9 -9 -8 -8 -7 -6 -5 ---------- Run | Yrd Mat Min Mat Min Exi Min Mat Fac Fac Fac Machines Disabled 5 | . 2 . 3 . . . . . . . Max in Single Turn 1 | . 1 . 1 . . . . . . . Garrison Access 1 | . . . . . . . . . 1 . Machines Repaired . | . . . . . . . . . . . Machines Dismantled . | . . . . . . . . . . . Machines Sabotaged . | . . . . . . . . . . . Overloaded Fab Kills . | . . . . . . . . . . . Hacking | -11 -10 -10 -9 -9 -9 -8 -8 -7 -6 -5 --------- Run | Yrd Mat Min Mat Min Exi Min Mat Fac Fac Fac Machines Accessed 40 | . 10 2 12 1 2 . 4 2 2 5 Terminals 22 | . 7 . 7 1 . . 2 . 1 4 Fabricators 1 | . . . . . . . . 1 . . Repair Stations 3 | . 1 . 2 . . . . . . . Recycling Units 5 | . 2 . 1 . . . 1 . . 1 Scanalyzers 4 | . . . 2 . . . 1 1 . . Garrison Access 1 | . . . . . . . . . 1 . Total Hacks 146 | . 34 2 52 6 6 . 11 5 12 18 Successful 110 | . 21 2 41 4 6 . 10 5 7 14 Failed 35 | . 13 . 11 1 . . 1 . 5 4 Catastrophic 1 | . . . . . . . . . . 1 Database Lockouts 1 | . . . . 1 . . . . . . Manual 62 | . 23 . 17 . 1 . 7 2 7 5 Terminals 91 | . 25 . 30 6 . . 4 . 9 17 Fabricators 3 | . . . . . . . . 3 . . Repair Stations 9 | . 3 . 6 . . . . . . . Recycling Units 14 | . 6 . 3 . . . 4 . . 1 Scanalyzers 18 | . . . 13 . . . 3 2 . . Garrison Access 3 | . . . . . . . . . 3 . Terminal Hacks 47 | . 7 2 12 4 6 . 1 . 4 11 Record 8 | . . . . 3 5 . . . . . Part Schematic 2 | . . . 1 . . . . . . 1 Robot Analysis 6 | . 2 . 1 . . . . . 2 1 Prototype ID Bank 5 | . 1 . 3 . . . . . . 1 Open Door 2 | . . 2 . . . . . . . . Terminal Index 1 | . 1 . . . . . . . . . Recycling Unit Index 1 | . . . . . . . . . . 1 Alert Level 1 | . . . . . . . . . . 1 Unreport Threat 2 | . . . . . . . . . . 2 Locate Traps 5 | . . . 2 . . . . . 1 2 Dispatch Records 3 | . 1 . 1 1 . . . . . . Transport Status 1 | . . . . . . . . . . 1 Extermination Status 1 | . . . . . . . . . . 1 Recall Investigation 1 | . . . . . . . 1 . . . Recall Reinforcements 1 | . 1 . . . . . . . . . Hauler Manifests 3 | . 1 . 1 . . . . . 1 . Registered Components 1 | . . . 1 . . . . . . . Zone Layout 2 | . . . 2 . . . . . . . Proto ID Catalog 1 | . . . . . 1 . . . . . Fabricator Hacks 1 | . . . . . . . . 1 . . Build 1 | . . . . . . . . 1 . . Repair Station Hacks 8 | . 2 . 6 . . . . . . . Scan Component 4 | . 1 . 3 . . . . . . . Repair 4 | . 1 . 3 . . . . . . . Recycling Unit Hacks 1 | . . . . . . . 1 . . . Report Inventory 1 | . . . . . . . 1 . . . Scanalyzer 18 | . . . 13 . . . 3 2 . . Insert Component 7 | . . . 6 . . . 1 . . . Analyze 6 | . . . 5 . . . 1 . . . Retrieve Study 5 | . . . 2 . . . 1 2 . . Garrison Access Hacks 1 | . . . . . . . . . 1 . Seal Access 1 | . . . . . . . . . 1 . Unauthorized Hacks 34 | . 12 . 10 . . . 5 2 2 3 Terminals 24 | . 10 . 8 . . . 2 . 2 2 Botnet 9 | . 4 . 2 . . . 1 . 1 1 Skim 15 | . 6 . 6 . . . 1 . 1 1 Fabricators 2 | . . . . . . . . 2 . . Liberate 1 | . . . . . . . . 1 . . Fabnet 1 | . . . . . . . . 1 . . Repair Stations . | . . . . . . . . . . . Recycling Units 8 | . 2 . 2 . . . 3 . . 1 Reject 3 | . 1 . 1 . . . 1 . . . Mask 3 | . 1 . 1 . . . 1 . . . Tunnel 2 | . . . . . . . 1 . . 1 Scanalyzers . | . . . . . . . . . . . Garrison Access . | . . . . . . . . . . . Data Cores Recovered . | . . . . . . . . . . . Used . | . . . . . . . . . . . Hacking Detections 31 | . 10 . 9 1 . . 4 1 2 4 Full Trace Events 5 | . 1 . 2 . . . 1 . . 1 Feedback Events . | . . . . . . . . . . . Feedback Blocked . | . . . . . . . . . . . Robot Schematics Acquired . | . . . . . . . . . . . Robots Built 3 | . . . . . . . . 3 . . Authchips . | . . . . . . . . . . . Time 67 | . . . . . . . . 67 . . Total Robot Build Rating 12 | . . . . . . . . 12 . . Part Schematics Acquired 8 | . . . 6 . . . 1 . . 1 Parts Built . | . . . . . . . . . . . Authchips . | . . . . . . . . . . . Time . | . . . . . . . . . . . Total Part Build Rating . | . . . . . . . . . . . Part Studies Acquired 4 | . . . 2 . . . . 2 . . Parts Repaired 4 | . 1 . 3 . . . . . . . Time 109 | . 13 . 96 . . . . . . . Parts Recycled . | . . . . . . . . . . . Recycled Matter . | . . . . . . . . . . . Retrieved Matter . | . . . . . . . . . . . Retrieved Components . | . . . . . . . . . . . Parts Scanalyzed 6 | . . . 5 . . . 1 . . . Part Schematics Acquired 6 | . . . 5 . . . 1 . . . Parts Damaged 1 | . . . . . . . 1 . . . Bothacking | -11 -10 -10 -9 -9 -9 -8 -8 -7 -6 -5 ------------ Run | Yrd Mat Min Mat Min Exi Min Mat Fac Fac Fac Used RIF Installer . | . . . . . . . . . . . Robots Hacked . | . . . . . . . . . . . Non-combat . | . . . . . . . . . . . Combat . | . . . . . . . . . . . Robot Hacks Applied . | . . . . . . . . . . . Relay Couplers Released . | . . . . . . . . . . . Fabnet Peak Effective % 3 | . . . . . . . . . 3 1 Robots Rewired . | . . . . . . . . . . . Allies Hacked . | . . . . . . . . . . . Hacks Repelled . | . . . . . . . . . . . Allies | -11 -10 -10 -9 -9 -9 -8 -8 -7 -6 -5 -------- Run | Yrd Mat Min Mat Min Exi Min Mat Fac Fac Fac Total Allies 7 | . . 4 . . . . . 3 . . Largest Group 4 | . . 4 3 . . . . 3 3 . Highest-Rated Group 90 | . . 71 40 . . . . 90 90 . Highest-Rated Ally 31 | . . 31 16 . . . . 30 30 . Total Orders . | . . . . . . . . . . . Ally Attacks 33 | . . . 12 . . . . 8 13 . Total Damage 702 | . . . 102 . . . . 257 343 . Kills 9 | . . . 2 . . . . 3 4 . Allies Corrupted 1 | . . . . . . . . . 1 . Allies Melted . | . . . . . . . . . . . Intel | -11 -10 -10 -9 -9 -9 -8 -8 -7 -6 -5 ------- Run | Yrd Mat Min Mat Min Exi Min Mat Fac Fac Fac Active Infowar (turns) 788 | 92 625 . . . . . . . . 71 Optics 57 | . . . . . . . . . . 57 A.S.S. 14 | . . . . . . . . . . 14 Seismic 717 | 92 625 . . . . . . . . . Robot Analysis Total 5 | . 2 . 1 . . . . . 2 . Derelict Logs Recovered 5 | . . 3 . 2 . . . . . . Drone Launches . | . . . . . . . . . . . Drone Recoveries . | . . . . . . . . . . . Exploration | -11 -10 -10 -9 -9 -9 -8 -8 -7 -6 -5 ------------- Run | Yrd Mat Min Mat Min Exi Min Mat Fac Fac Fac Turns Passed 14255 | 168 2347 1762 3597 1999 764 612 611 757 422 1216 Spaces Moved 5781 | 95 806 530 1297 683 273 265 376 461 297 698 Core 25 | 17 . . . . . 7 . . . 1 Treads 3025 | . 691 530 822 683 273 6 . . . 20 Legs 11 | . . . . . . 11 . . . . Wheels 2720 | 78 115 . 475 . . 241 376 461 297 677 Hover . | . . . . . . . . . . . Flight . | . . . . . . . . . . . Fastest Speed 50 | 50 90 320 130 280 280 140 135 130 102 105 Average Speed 216 | 83 267 320 241 280 280 192 139 137 114 113 Slowest Speed 1700 | 100 320 320 480 280 280 1700 230 145 128 1650 Overloaded Moves . | . . . . . . . . . . . Propulsion Burnouts . | . . . . . . . . . . . Robots Hopped . | . . . . . . . . . . . Potential Cave-ins . | . . . . . . . . . . . Cave-ins Triggered . | . . . . . . . . . . . Exploration Rate (%) 52 | 6 89 95 95 100 70 48 30 16 10 18 Regions Visited 10 Branch Regions 4 Pre-discovered Areas 6 | . . 1 1 1 1 . 1 . . 1 Known Exits Taken 2 | . . . . . . 1 1 . . . Unknown Exits Taken 8 | 1 1 1 1 1 1 . . 1 1 . Scrap Searched 4 | . . 1 . 2 . 1 . . . . Spaces Dug 17 | . . . 17 . . . . . . . Terrain Destroyed 78 | . 14 . 22 11 . 25 . 5 . 1 Melee . | . . . . . . . . . . . Projectile 3 | . . . . . . 2 . . . 1 AOE 75 | . 14 . 22 11 . 23 . 5 . . Terrain Rammed . | . . . . . . . . . . . Walls Destroyed . | . . . . . . . . . . . Machines Disabled . | . . . . . . . . . . . Actions | -11 -10 -10 -9 -9 -9 -8 -8 -7 -6 -5 --------- Run | Yrd Mat Min Mat Min Exi Min Mat Fac Fac Fac Total 6951 | 148 904 572 1618 762 275 326 444 574 351 977 Wait 551 | . 22 12 142 72 . 29 36 100 14 124 Move 5771 | 94 805 529 1296 682 272 264 375 460 296 698 Hop . | . . . . . . . . . . . Pick Up 105 | 11 16 11 29 1 1 2 9 2 2 21 Fast Attach 21 | 3 . . 6 . . 3 3 . 5 1 Attach 50 | 4 4 3 8 . . 2 4 2 1 22 Detach 2 | 1 . . . . . . . . . 1 Swap 53 | 1 6 2 20 2 . 4 1 3 6 8 Drop 77 | . 3 2 33 1 2 2 6 1 9 18 Fire 317 | 34 48 13 84 4 . 20 10 6 15 83 Melee . | . . . . . . . . . . . Ram . | . . . . . . . . . . . Kick . | . . . . . . . . . . . Crush 1 | . . . . . . . . . . 1 Escape Stasis . | . . . . . . . . . . . Rewire 3 | . . . . . . . . . 3 . Trap . | . . . . . . . . . . . Miscellaneous . | . . . . . . . . . . . Route ------- -11/Scrapyard -10/Materials (discovered 4 exits: *Mat x3 / *Min) -10/Mines (discovered 3 exits: *Mat x2 / [*Sub]) -9/Materials (discovered 5 exits: *Mat x3 / *Min x2) -9/Mines (discovered 3 exits: *Mat x2 / *Exi) -9/Exiles -8/Mines -8/Materials (discovered 4 exits: *Fac x3 / Sto) -7/Factory (discovered 2 exits: *Fac x2) -6/Factory -5/Factory (discovered 2 exits: [*Fac] / [*Upp]) History --------- Turn | Location | Event 8 | -11/Scrapyard | Discovered new exit (range 15) 169 | -11/Scrapyard | Entered Materials 241 | -10/Materials | Discovered new exit (range 8) 260 | -10/Materials | Discovered new exit (range 7) 311 | -10/Materials | Build established: Mutant 1235 | -10/Materials | Discovered new exit (range 16) 1412 | -10/Materials | Discovered new exit (range 5) 2409 | -10/Materials | Repaired Med. Laser 2516 | -10/Materials | Entered Mines 2523 | -10/Mines | Met a Derelict bent on vengeance 2614 | -10/Mines | Discovered new exit (range 8) 2649 | -10/Mines | Assisted by bots powering up and referring to "LRC-V3" 2874 | -10/Mines | Found the Drone Emporium 2889 | -10/Mines | Found Prototype Device 2916 | -10/Mines | Identified Sensor Drone Bay 3204 | -10/Mines | Discovered new exit (range 9) 3281 | -10/Mines | Discovered new exit (range 7) 3586 | -10/Mines | A weapon hastily lodged in a ceiling crevice suddenly fell to the ground 3691 | -10/Mines | Learned 4 Materials zone layouts 3742 | -10/Mines | Learned location of 1 exit from Materials 3803 | -10/Mines | Received a Mining Laser from a helpful Derelict 3979 | -10/Mines | Learned location of Mines (-8) 3993 | -10/Mines | Met a Derelict shopkeep closing up shop 4278 | -10/Mines | Entered Materials 4278 | -9/Materials | Accompanied by 3 allies 4278 | -9/Materials | Evolved 2 slots: Utility x2 4279 | -9/Materials | Identified exit to Materials 4772 | -9/Materials | Lost 3 allies 5502 | -9/Materials | Discovered new exit (range 12) 5553 | -9/Materials | Repaired Imp. Heat Sink 5581 | -9/Materials | Repaired Med. Laser 5712 | -9/Materials | Discovered new exit (range 12) 5963 | -9/Materials | Discovered exit to Materials (range 16) 6367 | -9/Materials | Build established: Scavenger-Mutant 6567 | -9/Materials | Discovered exit to Materials (range 15) 7094 | -9/Materials | Build established: Mutant 7177 | -9/Materials | Repaired Imp. Treads+ 7455 | -9/Materials | Learned location of 3 exits from Materials 7494 | -9/Materials | Learned location of 1 exit from Storage 7522 | -9/Materials | Learned Storage emergency access door positions 7550 | -9/Materials | Learned location of 1 exit from Storage 7563 | -9/Materials | Learned Storage trap positions 7584 | -9/Materials | Learned 2 Storage zone layouts 7613 | -9/Materials | Learned 2 Storage zone layouts 7875 | -9/Materials | Entered Mines 7957 | -9/Mines | Learned location of 1 exit from Materials 8064 | -9/Mines | Discovered exit to Materials (range 14) 8166 | -9/Mines | Learned location of Storage (-8) 8734 | -9/Mines | Discovered exit to Materials (range 8) 8834 | -9/Mines | Learned Materials emergency access door positions 9153 | -9/Mines | Central database locked down 9862 | -9/Mines | Deemed a non-threat by the Exiles lab entrance 9862 | -9/Mines | Discovered new exit (range 5) 9874 | -9/Mines | Entered Exiles 9944 | -9/Exiles | Met 8R-AWN 9992 | -9/Exiles | Met EX-HEX 10149 | -9/Exiles | Met EX-DEC 10202 | -9/Exiles | Learned location of Zion (-6) 10250 | -9/Exiles | Met EX-BIN 10289 | -9/Exiles | Aligned with FarCom system 10292 | -9/Exiles | Given EX-Vault access code 10359 | -9/Exiles | Opened EX-Vault 10380 | -9/Exiles | Found AWS/Thermal 10436 | -9/Exiles | Warned to stay clear of 0b10 Research branches 10474 | -9/Exiles | Exiles lab attacked by MAIN.C 10616 | -9/Exiles | Discovered new exit (range 10) 10638 | -9/Exiles | Left Exiles lab with AWS/Thermal 10638 | -9/Exiles | Entered Mines 10727 | -8/Mines | Lost 3 parts (2n1u) 11155 | -8/Mines | Discovered exit to Materials (range 7) 11250 | -8/Mines | Entered Materials 11250 | -8/Materials | Evolved 2 slots: Utility x2 11251 | -8/Materials | Identified exit to Factory 11251 | -8/Materials | Identified exit to Storage 11631 | -8/Materials | Build established: Hacker-Mutant 11804 | -8/Materials | Met 7R-MNS 11861 | -8/Materials | Entered Factory 11861 | -7/Factory | Evolved 2 slots: Utility x2 11862 | -7/Factory | Caught up to 7R-MNS 11981 | -7/Factory | Discovered new exit (range 15) 12149 | -7/Factory | Fabricated L-41 Fighter? 12561 | -7/Factory | Discovered new exit (range 16) 12618 | -7/Factory | Entered another Factory area 12618 | -6/Factory | Accompanied by 3 allies 12618 | -6/Factory | Evolved 2 slots: Propulsion x2 12619 | -6/Factory | Caught up to 7R-MNS 12886 | -6/Factory | Assembled infested ambush trap array 13034 | -6/Factory | Discovered new exit (range 5) 13040 | -6/Factory | Entered another Factory area 13040 | -5/Factory | Evolved 2 slots: Power x1, Utility x1 13041 | -5/Factory | Caught up to 7R-MNS 13630 | -5/Factory | Garrison activated, responded to threat 13762 | -5/Factory | Discovered new exit (range 10) 13774 | -5/Factory | Garrison activated, responded to threat 13988 | -5/Factory | Cargo convoy interrupted 14011 | -5/Factory | 7R-MNS lamented failing the tripod run 14077 | -5/Factory | Lost 4 parts (1n3u) 14080 | -5/Factory | Destroyed 8 combat bots 14080 | -5/Factory | Discovered new exit (range 9) 14083 | -5/Factory | Garrison activated, responded to threat 14107 | -5/Factory | Found Prototype Processor 14109 | -5/Factory | Found PL-3XN's Ring of Power 14133 | -5/Factory | Identified Spectral Analyzer 14205 | -5/Factory | Core integrity fell below 50% 14241 | -5/Factory | Core integrity fell below 20% 14241 | -5/Factory | Found Prototype Device 14242 | -5/Factory | Identified Active Sensor Suite 14256 | -5/Factory | Destroyed by H-71 Marshal with Heavy Mass Driver Last Messages --------------- 14247_ Lgt. Nuclear Core destroyed. 14247_ Knocked back. 14247_ K-01 Serf destroyed. 14248_ Carbon-fiber Leg melted. 14248_ G-50 Soldier destroyed. 14248_ U-05 Engineer builds a Wall. 14248_ Penetrated by Slug. 14250_ Y-64 Sentinel destroyed. 14250_ M-28 Smith repairs H-71 Marshal. 14250_ K-01 Serf collects debris. 14251_ U-05 Engineer destroyed. 14251_ Penetrated by Slug. 14252_ Enh. Armored Medium Treads destroyed. 14252_ Critical hit (Blast). 14252_ Knocked back. 14254_ Targeting Computer melted. 14254_ H-66 Slayer destroyed. 14254_ K-01 Serf collects debris. 14256_ Penetrated by Slug. 14256_ AWS/Thermal destroyed. Map ----- +----------------------------------------------------+ | ?????????????????????????????????????????????????? | | ?????????????????????????????????????????????????? | | ?????????????????????????????????????????????????? | | ?????????????????#######?????????????????????????? | | ?????????????????# ?????????????????????????? | | ?????????????????+ ?????????????????????????? | | ?????????????????# ?????????????????????????? | | ?????????????????# ?????????????????????????? | | ?????????????????# """??????????????????????? | | ?????????????????# """"""#??????????????????? | | ?????????????????# """"""#??????????????????? | | ?????????????????# """"""#??????????????????? | | ?????????????k???? """"""???????????????????? | | ??????????????????? ==!"""""????????????????????? | | ???????????????????? ==*"""""????????????????????? | | ????????????????????? ]]!!%![?????????##+###?????? | | ????????? """ k# #######+######## A ??????? | | ?????????????? + %%u%===%%![%A|! < ???????? | | ??????????????????####YH*=k###### ???????? | | ????????????????????##[!]=A#!????????????????????? | | ????????????????????##%%m!=#?????????????????????? | | ?????????????????????#%*!t[#?????????????????????? | | ?????????????????????#|!!*/#?????????????????????? | | ?????????????????????#[=%%!########??????????????? | | ???????????????#??A??#[=!%%= [[ #??????????????? | | ???????????????# !*??# =!@ [! #??????????????? | | ???????????????# ** !# !]]] #??????????????? | | ???????????????# *! %+ ]]%=% #??????????????? | | ?????????????????? # %]u= #??????????????? | | ???????????????? # ! #??????????????? | | ???????????????# """?# #??????????????? | | ???????????????# """?# #??????????????? | | ???????????????# ""??# ! #??????????????? | | ?????????????????????# #??????????????? | | ??????????????????#+## "" #??????????????? | | ??????????????????# """ #??????????????? | | ??????????????????# """" #??????????????? | | ?????????????###### """" ###+######?????? | | ?????????? """" t ?????? | | ?????????? u ????? | | ?????????? ????? | | ??????????? ????? | | ??????????? ????? | | ???????????#####+######+##### ######## ####??????? | | ?????????????????????? ????# #??????????????????? | | ?????????????????????? ????#%#??????????????????? | | ????????????????????? ????#=#??????????????????? | | ?????????????????????/= ????# #??????????????????? | | ????????????????????/== ????#%#??????????????????? | | ????????????????????/== ????# #??????????????????? | +----------------------------------------------------+ Best States ------------- Heat Dissipation 71 Coolant Potential 120 Energy Generation 34 Energy Capacity 365 Matter Stores 300 Matter Capacity 300 Sight Range 24 Robot Scan Range 20 Terrain Scan Density 10 Armor Coverage 225 Power Shielding 66 Utility Shielding 33 Weapon Shielding 66 Evasion (%) 50 Targeting Accuracy 8 Recoil Reduction 4 Particle Charging 15 Offensive Hacking 30 Item Schematics ----------------- Huge Storage Unit | -9/Materials | Hacked Recalibrator | -9/Materials | Scanalyzed Plasma Cutter | -9/Materials | Scanalyzed Hpw. Tractor Beam | -9/Materials | Scanalyzed Particle Charger | -9/Materials | Scanalyzed Mak. Sword | -9/Materials | Scanalyzed System Restoration Module | -8/Materials | Scanalyzed Adv. Focal Shield | -5/Factory | Hacked Robot Schematics ------------------ None Fabricated ------------ L-41 Fighter | x3 | -7/Factory | Preloaded Repaired ---------- Med. Laser | 18% | -10/Materials Imp. Heat Sink | 12% | -9/Materials Med. Laser | 54% | -9/Materials Imp. Treads | 68% | -9/Materials Studied --------- Plasma Cutter | -9/Materials | Hacked Imp. Treads | -9/Materials | Hacked Gauss Rifle | -7/Factory | Hacked Com. Wheel | -7/Factory | Hacked Alien Tech Used ----------------- None Achievements -------------- Drive-By Immobile And Lovin' It Jackpot Sixth Sense Some Acronyms Are Better Than Others Spot Them First That Tickles Challenges ------------ None Game ------ Seed HugeRelayRipteeth Manual? 0 Play Time 01:35:28 Cumulative 381.5 hours Start 2025.11.06 @ 05:04:14 End 2025.11.11 @ 05:36:22 Sessions 3 Manual Loads 0 Difficulty Rogue Special Mode None Game No. 271 Rogue 261 Adventurer 0 Explorer 10 Win Type - Total 5 Types 5/0/0/0/0/0/0/0/0/0 Lore% 80 Gallery% 68 Achievement% 39 Wizard Run 0 Options --------- Layout 2 ASCII 0 Keyboard 0 Movement Arrows Keybinds 1 Fullscreen 1 Font 24/Smallcaps Map View 50x44 Zoom Use 0% Tactical HUD 1 Map Filters NONE Filters NONE Steam 1 RUN: f0bd8798-60e6-4dbd-a1ea-8d27511f83ac